 Dungeon Crawl Stone Soup version 0.26-a0-466-g989023bd0d (webtiles) character file.

Game seed: 11028568252083273328

42 Conn the Firebug (level 3, -2/21 HPs)
             Began as an Octopode Fire Elementalist on July 30, 2020.
             Slain by Natasha (9 damage)
             ... on level 2 of the Dungeon.
             The game lasted 00:03:10 (1555 turns).

Conn the Firebug (Octopode Fire Elementalist)       Turns: 1555, Time: 00:03:10

Health: -2/21      AC:  1    Str:  7    XL:     3   Next: 56%
Magic:  5/6        EV: 13    Int: 18    God:
Gold:   50         SH:  0    Dex: 12    Spells: 2/6 levels left

rFire    . . .     SeeInvis .   c - +0 short sword
rCold    + . .     Faith    .   (no shield)
rNeg     . . .     Spirit   .   (helmet restricted)
rPois    .         Reflect  .   (no amulet)
rElec    .         Harm     .   a - ring of protection from cold
rCorr    .                      (no ring)
MR       .....                  (no ring)
Stlth    +++.......             (no ring)
HPRegen  0.07/turn              (no ring)
MPRegen  0.10/turn              (no ring)
                                (no ring)
                                (no ring)

@: stab
A: almost no armour, stealthy swim, amphibious, 8 rings, constrict 8, camouflage
1, gelatinous body 1
a: no special abilities


You were on level 2 of the Dungeon.
You visited 1 branch of the dungeon, and saw 2 of its levels.

You collected 50 gold pieces.

Inventory:

Hand Weapons
 c - a +0 short sword (weapon)
Jewellery
 a - a ring of protection from cold (left tentacle)
Scrolls
 d - 2 scrolls of identify {unknown}
Potions
 e - a potion of curing {unknown}


   Skills:
 + Level 2.4 Dodging
 + Level 3.0 Stealth
 + Level 2.3 Spellcasting
 + Level 1.3 Conjurations
 + Level 3.6 Fire Magic


You had 2 spell levels left.
You knew the following spells:

 Your Spells              Type           Power        Failure   Level
a - Foxfire               Conj/Fire      ##..         6%          1
b - Conjure Flame         Conj/Fire      ##......     19%         3

Your spell library contained the following spells:

 Spells                   Type           Power        Failure   Level
 Inner Flame              Hex/Fire       #.......     26%         3
 Sticky Flame             Conj/Fire      ##......     52%         4
 Fireball                 Conj/Fire      ##........   86%         5


Dungeon Overview and Level Annotations

Branches:
Dungeon (2/15)

Altars:

Annotations:
D:2 Natasha


Innate Abilities, Weirdness & Mutations

You cannot wear most types of armour.
You are very stealthy in the water. (Stealth+)
You are amphibious.
You can wear up to eight rings at the same time.
You can use your tentacles to constrict eight enemies at once.
Your skin changes colour to match your surroundings (Stealth+).
Your rubbery body absorbs attacks. (AC +1, EV +1)


Message History

The shadow imp is heavily wounded.
You constrict the shadow imp. The shadow imp completely misses you.
The crimson imp blinks!
You hit the shadow imp but do no damage.
The shadow imp is severely wounded.
You constrict the shadow imp. The shadow imp gestures at you.
Pain shoots through your body!
Ouch! That really hurt!
Natasha extends her claws.
Okay, then.
It was a potion of stabbing.
You feel ready to backstab.
You constrict the shadow imp.
You kill the shadow imp!
You hit Natasha but do no damage. Your grab misses Natasha.
Your squeeze misses Natasha.
Natasha is moderately wounded.
Natasha claws you!
You die... ######################## ................@h..5... .####################### .# .# .# .# .# ##

You could see Natasha and a crimson imp (summoned).

Vanquished Creatures
  A worm (D:2)
  A leopard gecko (D:1)
  A giant cockroach (D:1)
  7 goblins
  4 hobgoblins
  7 jackals (D:1)
  3 kobolds
  2 quokkas (D:2)
  2 bats (D:1)
  4 frilled lizards
  2 rats
34 creatures vanquished.

Vanquished Creatures (others)
  75 foxfires
75 creatures vanquished.

Grand Total: 109 creatures vanquished

Notes
Turn   | Place    | Note
-------+----------+-------------------------------------------
     0 | D:1      | Conn the Octopode Fire Elementalist began the quest for the
                  | Orb.
     0 | D:1      | Reached XP level 1. HP: 11/11 MP: 3/3
    67 | D:1      | Reached XP level 2. HP: 1/17 MP: 0/5
   428 | D:1      | You fall into a shaft and drop 1 floor!
   429 | D:2      | Noticed a bullfrog
   884 | D:1      | Reached XP level 3. HP: 21/21 MP: 1/6
   889 | D:1      | Learned a level 3 spell: Conjure Flame
  1544 | D:2      | Noticed Natasha
  1555 | D:2      | Slain by Natasha

Illustrated notes

Levels and vault maps discovered:
D:1:      mrwooster_arrival_statue_3, layout_basic
D:2:      layout_basic, uniq_natasha

Skill      XL: |  1  2 |
---------------+-------+-----
Stealth        | 3 |  3.0
Dodging        | |  2.4
Spellcasting   | |  2.3
Conjurations   | |  1.3
Fire Magic     | |  3.6

Action                   || total
-------------------------++-------
Melee: Unarmed           ||     5
       Constrict         ||     3
       Tentacles         ||     2
       Short sword       ||     8
 Cast: Foxfire           ||    42
  Use: Potion            ||     1
 Stab: Sleeping          ||     1
Armor: Skin              ||     3
Dodge: Dodged            ||    41

Table legend: (Time is in decaauts)
 A = Elapsed time spent in this place.
 B = Non-inter-level travel time spent in this place.
 C = Inter-level travel time spent in this place.
 D = Time resting spent in this place.
 E = Time spent auto-exploring this place.
 F = Levels seen in this place.
 G = Mean time per level.
                   A        B        C        D        E       F      G
               +--------+--------+--------+--------+--------+-----+--------+
         Total |   1555 |   1538 |     17 |    877 |    382 |   2 |  777.5 |
       Dungeon |   1555 |   1538 |     17 |    877 |    382 |   2 |  777.5 |
               +--------+--------+--------+--------+--------+-----+--------+

Top non-repeatable levels by time:
     D:1: 1129 daAuts
     D:2: 426 daAuts
